 Dungeon Crawl Stone Soup version 0.31-a0-441-g867994ef1c (webtiles) character file.

Game seed: 6820409691967996178

45 HallandMoats the Trooper (level 3, 0/29 HPs)
             Began as a Demonspawn Fighter on Aug 3, 2023.
             Slain by a gnoll
             ... wielding a +0 flail
              (5 damage)
             ... on level 2 of the Dungeon.
             The game lasted 00:02:36 (849 turns).

HallandMoats the Trooper (Demonspawn Fighter)        Turns: 849, Time: 00:02:37

Health: 0/29       AC:  6    Str: 16    XL:     3   Next: 42%
Magic:  5/5        EV:  8    Int: 11    God:
Gold:   102        SH:  4    Dex: 12    Spells: 2/2 levels left

rFire   . . .        a - +0 war axe
rCold   . . .        c - +0 buckler
rNeg    . . .        b - +0 scale mail
rPois   .            (no helmet)
rElec   .            (no cloak)
rCorr   .            (no gloves)
SInv    .            (no boots)
Will    .....        (no amulet) Stlth
                     (no ring)
HPRegen 0.24/turn    (no ring)
MPRegen 0.09/turn

%: no passive effects
@: no status effects
A: ignite blood 1, demonic magic 1
a: no special abilities


You were on level 2 of the Dungeon.
You visited 1 branch of the dungeon, and saw 2 of its levels.

You collected 102 gold pieces.

Inventory:

Hand Weapons
 a - a +0 war axe (weapon)
Armour
 b - a +0 scale mail (worn)
 c - a +0 buckler (worn)
Scrolls
 e - a scroll of poison {unknown}
 g - a scroll of blinking {unknown}
 h - 2 scrolls of identify {unknown}
Potions
 d - 3 potions of might
 f - a potion of attraction {unknown}


   Skills:
 + Level 3.4 Fighting
 + Level 2.3 Axes
 - Level 2.6 Armour
 - Level 2.6 Shields
 * Level 2.9 Invocations


You had 2 spell levels left.
You didn't know any spells.
Your spell library was empty.

Dungeon Overview and Level Annotations

Branches:
Dungeon (2/15)

Altars:


Innate Abilities, Weirdness & Mutations

Your demonic aura sometimes causes spilled blood to erupt in flames.
Spells you cast may paralyse adjacent enemies.


Message History

The bat hits you but does no damage. The bat closely misses you.
The bat hits you but does no damage. The bat attacks as you move away!
The bat closely misses you. The bat hits you but does no damage.
The bat closely misses you. The bat attacks as you move away!
The bat hits you but does no damage.
Found a stone staircase leading up.
The bat hits you but does no damage.
You closely miss the bat. The bat hits you but does no damage.
The bat barely misses you. The bat hits you but does no damage.
The gnoll barely misses you.
You barely miss the gnoll. The bat hits you. The gnoll barely misses you.
The gnoll misses you.
You hit the gnoll but do no damage. The bat hits you but does no damage.
The gnoll barely misses you.
You slash the gnoll!
The gnoll is heavily wounded.
The bat barely misses you.
The gnoll is engulfed in blazing flames.
You kill the gnoll!
The bat hits you but does no damage.
You see here a +0 halberd.
You hit the bat but do no damage. The bat hits you but does no damage.
The bat barely misses you.
You hit the bat but do no damage. The bat completely misses you.
You block the bat's attack. The bat hits you but does no damage.
You slash the bat!
You kill the bat!
The gnoll hits you with a +0 flail!
The gnoll hits you from afar with a +0 spear.
You barely miss the gnoll. The gnoll closely misses you.
The gnoll hits you with a +0 flail! You block the gnoll's attack.
The gnoll hits you from afar with a +0 spear.
You slash the gnoll!
The gnoll is severely wounded.
The gnoll hits you from afar with a +0 spear.
The gnoll hits you with a +0 flail.
* * * LOW HITPOINT WARNING * * *
You hit the gnoll.
The gnoll is almost dead.
The gnoll misses you. The gnoll hits you with a +0 flail.
You die...

..## ... ..# ###.###
.g..... ).#.#g#...#
..g.....##..#....?.#
........#.#...##g#.#
........##...#.#g# ..
...(...... ..##@# .#
........# #.$#.# ..
........#####.##.######.#
.......:...........[....#
........#...######.######
####.##.##.## .# #.
#.##†###### .#
#.##........?# .#
#.###.)....### ..


You could see 2 gnolls.

Vanquished Creatures
  A gnoll (D:2)
  A dart slug (D:1)
  5 bats
  An endoplasm (D:2)
  3 giant cockroaches
  3 goblins
  3 hobgoblins
  3 kobolds (D:1)
  3 ball pythons
  2 frilled lizards (D:1)
  6 rats
31 creatures vanquished.

Notes
Turn   | Place    | Note
-------+----------+-------------------------------------------
     0 | D:1      | HallandMoats the Demonspawn Fighter began the quest for the
                  | Orb.
     0 | D:1      | Reached XP level 1. HP: 18/18 MP: 1/1
    17 | D:1      | Reached skill level 1 in Invocations
   132 | D:1      | Gained mutation: Your demonic aura sometimes causes spilled
                  | blood to erupt in flames. [demonic ancestry]
   132 | D:1      | Reached XP level 2. HP: 24/24 MP: 1/3
   728 | D:2      | Gained mutation: Spells you cast may paralyse adjacent
                  | enemies. [demonic ancestry]
   728 | D:2      | Reached XP level 3. HP: 19/29 MP: 4/4
   849 | D:2      | Slain by a gnoll

Illustrated notes

Levels and vault maps discovered:
D:1:      dpeg_arrival_ratfight, layout_basic
D:2:      layout_basic, minmay_octomino_e4

Skill      XL: |  1  2 |
---------------+-------+-----
Invocations    | 1 2 |  2.9
Axes           | 2 |  2.3
Fighting       | |  3.4
Armour         | |  2.6
Shields        | |  2.6

Action                     || total
---------------------------++-------
  Melee: War axe           ||    93
 Armour: Scale mail        ||    73
  Dodge: Dodged            ||    64
  Block: Buckler           ||    27

Table legend: (Time is in decaauts)
 A = Elapsed time spent in this place.
 B = Non-inter-level travel time spent in this place.
 C = Inter-level travel time spent in this place.
 D = Time resting spent in this place.
 E = Time spent auto-exploring this place.
 F = Levels seen in this place.
 G = Mean time per level.
                   A        B        C        D        E       F      G
               +--------+--------+--------+--------+--------+-----+--------+
         Total |    889 |    889 |      0 |     84 |    500 |   2 |  444.5 |
       Dungeon |    889 |    889 |      0 |     84 |    500 |   2 |  444.5 |
               +--------+--------+--------+--------+--------+-----+--------+

Top non-repeatable levels by time:
     D:1: 734 daAuts
     D:2: 155 daAuts
